Unix NetHack Version 3.7.0-88 Work-in-progress - last build Aug 6 2023 13:40:22 (5c9c4c7fffe0d5f0a8b1342c2a36a56ed743986a,branch:master). Game began 2023-08-09 00:33:20, ended 2023-08-09 00:54:19. Arasaka, neutral male gnomish Archeologist ---- ----------- --.>-------- |.........| |..........| |.........| |.0-----.-.| |.........| |..|...|00.| |....<....| |.0.0.0...-| |.........| |.0..0..|..| |.........| |.----0.--.| |.........| |..0..u@.|.-- |.........| |.---0-0.0..------------+| |...|.0.-....^=^^^^^^^^^.| |.0.......---------------- -----..|..| ------- Arasaka the Investigator St:25 Dx:9 Co:14 In:17 Wi:16 Ch:13 Neutral Dlvl:5 $:1950 HP:0(43) Pw:34(34) AC:0 Xp:6/480 T:3819 Burdened Latest messages: There is an iron piercer corpse here; eat it? [ynq] (n) This iron piercer corpse is stringy. You finish eating the iron piercer corpse. Where do you want to travel to? (For instructions type a '?') With great effort you move the boulder. With great effort you move the boulder. With great effort you move the boulder. You try to move the boulder, but in vain. With great effort you move the boulder. The boulder fills a pit. You climb up the stairs. With great effort you move the boulder. With great effort you move the boulder. With great effort you move the boulder. The boulder falls into and plugs a hole in the floor! With great effort you move the boulder. With great effort you move the boulder. You have a little trouble lifting q - a long wand. With great effort you move the boulder. You lash the werejackal! The werejackal changes into a jackal. The werejackal just misses! The werejackal bites! You avoid harm. You miss the werejackal. The werejackal misses! You kill the werejackal! With great effort you move the boulder. With great effort you move the boulder. Where do you want to travel to? (For instructions type a '?') With great effort you move the boulder. Where do you want to travel to? (For instructions type a '?') With great effort you move the boulder. With great effort you move the boulder. With great effort you move the boulder. The white unicorn butts! The white unicorn kicks! You lash the white unicorn! The white unicorn butts! The white unicorn kicks! The white unicorn misses! The white unicorn kicks! The white unicorn butts! The white unicorn kicks! The white unicorn butts! The white unicorn kicks! You die... Inventory: Coins ('$') $ - 1950 gold pieces Weapons (')') a - an uncursed +2 bullwhip (weapon in hand) Armor ('[') H - an uncursed +0 dwarvish iron helm (being worn) w - an uncursed corroded +0 pair of gauntlets of power (being worn) F - a blessed +0 pair of iron shoes (being worn) G - an uncursed +0 dwarvish roundshield (being worn) S - an uncursed +0 cloak of magic resistance (being worn) x - an uncursed +0 studded leather armor (being worn) Comestibles ('%') Y - an uncursed taco c - an uncursed carrot d - 3 uncursed food rations W - 6 uncursed food rations n - 2 cursed lembas wafers v - an uncursed tripe ration Scrolls ('?') i - a blessed scroll of earth h - an uncursed scroll of earth X - an uncursed scroll of fire Z - a blessed scroll of identify b - an uncursed scroll of punishment Potions ('!') p - an uncursed potion of monster detection Rings ('=') o - an uncursed ring of stealth Wands ('/') l - an uncursed wand of create monster (0:14) k - an uncursed wand of light (0:13) T - an uncursed wand of light (0:13) r - an uncursed wand of nothing (0:12) D - a cursed wand of polymorph (0:5) y - an uncursed wand of sleep (0:3) q - an uncursed wand of teleportation (0:8) Tools ('(') z - an empty uncursed sack j - an uncursed blindfold N - a blessed brass lantern V - an uncursed oil lamp e - an uncursed +0 pick-axe m - an uncursed tin opener f - an uncursed tinning kit (0:33) U - an uncursed towel Gems/Stones ('*') O - an uncursed fluorite stone R - 2 uncursed worthless pieces of red glass M - 2 uncursed worthless pieces of yellowish brown glass g - an uncursed touchstone Arasaka the Archeologist's attributes: Background: You were an Investigator, a level 6 male gnomish Archeologist. You were neutral, on a mission for Camaxtli who was opposed by Quetzalcoatl (lawful) and Huhetotl (chaotic). You were in Sokoban, on level 5. You entered the dungeon 3819 turns ago. It was the midnight hour. You had 480 experience points, 160 more were needed to attain level 7. Basics: You had 0 out of 43 hit points. You had all 34 energy points (spell power). Your armor class was 0. Your wallet contained 1950 zorkmids. Autopickup was on for '$"?' plus thrown, with exceptions. Final Characteristics: Your strength was 25 (base:9, peak:11, innate limit:18/50). Your dexterity was 9 (limit:18). Your constitution was 14 (limit:18). Your intelligence was 17 (limit:19). Your wisdom was 16 (peak:17, limit:18). Your charisma was 13 (limit:18). Final Status: You were not hungry. You were burdened; movement was slightly slowed. You were wielding a whip. You had basic skill with whip and could have enhanced that. Final Attributes: You were piously aligned. You were magic-protected. You were telepathic. You had automatic searching. You had infravision. You were stealthy. You were warded. You are dead. Miscellaneous: You disabled loading of bones levels. Total elapsed playing time was 20 minutes and 58 seconds. Major events: Turn 1: Arasaka the neutral male gnomish Archeologist entered the dungeon 1262: entered the Gnomish Mines 1264: attained the rank of Field Worker (level 3) 1829: reached Mine Town 2972: attained the rank of Investigator (level 6) 3287: entered Sokoban 3668: completed 1st Sokoban level 3819: killed by a white unicorn Vanquished creatures: a tengu an iron piercer a gnome mummy 2 soldier ants 8 Uruk-hai a rock piercer a yellow light a shrieker 2 gnome leaders 2 kobold mummies an elf zombie a giant ant 2 floating eyes 3 dwarves a kobold shaman a rabid rat a centipede a giant bat a werejackal 3 iguanas a hobbit 2 hobgoblins 2 giant rats 2 cave spiders a yellow mold 4 gnomes 2 gnome zombies 6 geckos 10 jackals a goblin 2 grid bugs 7 lichens a kobold zombie 6 newts 82 creatures vanquished. No species were genocided or became extinct. Voluntary challenges: You read items or engraved 11 times. You engraved Elbereth 2 times. You never genocided any monsters. You never polymorphed an object. You never changed form. You used no wishes. You did not violate any of the special Sokoban rules. Achievements: You entered a shop. You entered the Gnomish Mines. You attained the rank of Field Worker. You entered Minetown. You entered a temple. You attained the rank of Investigator. You entered Sokoban. The Dungeons of Doom: levels 1 to 7 Level 1: Level 2: A potion shop, a sink. Level 3: "l" Some fountains. Level 4: A general store, a sink. Stairs down to The Gnomish Mines. Level 5: A fountain. Level 6: Many fountains. Level 7: Stairs up to Sokoban, level 6. The Gnomish Mines: levels 5 to 7 Level 5: Level 6: Level 7: Many shops, a temple, some fountains. Sokoban: levels 6 up to 5 Level 5: <- You were here. Unsolved. Final resting place for you, killed by a white unicorn. Level 6: Solved. Game over: ---------- / \ / REST \ / IN \ / PEACE \ / \ | Arasaka | | 1950 Au | | killed by a | | white unicorn | | | | | | 2023 | *| * * * | * _________)/\\_//(\/(/\)/\//\/|_)_______ Goodbye Arasaka the Archeologist... You died in Sokoban on dungeon level 5 with 4005 points, and 1950 pieces of gold, after 3819 moves. You were level 6 with a maximum of 43 hit points when you died.